 Dungeon Crawl Stone Soup version 0.31-a0-889-g1a8549509d (webtiles) character file.

Game seed: 18292558878862391133

2202 p00ps00p the Cleaver (level 9, -1/81 HPs)
             Began as a Hill Orc Fighter on Oct 17, 2023.
             Succumbed to a killer bee's poison
             ... on level 7 of the Dungeon.
             The game lasted 00:12:28 (5526 turns).

p00ps00p the Cleaver (Hill Orc Fighter)             Turns: 5526, Time: 00:12:29

Health: -1/81      AC: 14    Str: 23    XL:     9   Next: 34%
Magic:  9/9        EV:  6    Int: 16    God:
Gold:   122        SH:  5    Dex: 10    Spells: 8/8 levels left

rFire   + + .        s - +1 hand axe of the Flying Pill Bug {heavy, rF+ Will- Int+2}
rCold   + . .        c - +0 buckler
rNeg    + . .        w - +1 plate armour
rPois   +            (no helmet)
rElec   +            (no cloak)
rCorr   +            (no gloves)
SInv    .            (no boots)
Will    .....        e - amulet of magic regeneration Stlth
                     m - +6 ring of intelligence
HPRegen 0.33/turn    f - ring of positive energy
MPRegen 0.51/turn

%: no passive effects
@: lethally poisoned (-1 -> -8), resistant, hasted, very quick
A: no striking features
a: no special abilities


You were on level 7 of the Dungeon.
You visited 2 branches of the dungeon, and saw 8 of its levels.

You collected 266 gold pieces.
You spent 144 gold pieces at shops.

Inventory:

Hand Weapons
 a - a +1 war axe of chaos
 s - the +1 hand axe of the Flying Pill Bug (weapon) {heavy, rF+ Will- Int+2}
   (You bought it in a shop on level 2 of the Dungeon)

   Int+2:     It affects your intelligence (+2).
   rF+:       It protects you from fire.
   Will-:     It decreases your willpower.
Armour
 b - a +0 scale mail
 c - a +0 buckler (worn)
 i - a +0 chain mail
 w - a +1 plate armour (worn)
Jewellery
 e - an amulet of magic regeneration (around neck)
 f - a ring of positive energy (right hand)
 m - a +6 ring of intelligence (left hand)
Wands
 t - a wand of iceblast (8)
Scrolls
 g - a scroll of vulnerability
 h - 4 scrolls of teleportation
 k - a scroll of amnesia
 l - a scroll of identify
 u - a scroll of fog
Potions
 d - a potion of might
 j - 2 potions of enlightenment
 n - a potion of resistance
 o - a potion of invisibility {unknown}
 p - 2 potions of degeneration
 q - a potion of cancellation {unknown}
 r - a potion of brilliance {unknown}
 v - a potion of haste


   Skills:
 + Level 8.1 Fighting
 + Level 8.3 Axes
 + Level 7.4 Armour
 + Level 7.4 Shields


You had 8 spell levels left.
You didn't know any spells.
Your spell library contained the following spells:

 Spells                   Type           Power      Damage    Failure   Level
 Shock                    Conj/Air       0%         1d3       99%         1
 Blink                    Tloc           0%         N/A       100%        2
 Ensorcelled Hibernation  Hex/Ice        0%         N/A       100%        2
 Lesser Beckoning         Tloc           0%         N/A       100%        2
 Momentum Strike          Conj/Tloc      0%         3d8       100%        2
 Passwall                 Tmut/Erth      0%         N/A       100%        2
 Swiftness                Air            0%         N/A       100%        3
 Airstrike                Air            0%         2d(0-16)  100%        4


Dungeon Overview and Level Annotations

Branches:
Dungeon (7/15)             Temple (1/1) D:5

Altars:
Ashenzari
Cheibriados
Dithmenos
Elyvilon
Fedhas
Hepliaklqana
Kikubaaqudgha
Makhleb
Nemelex Xobeh
Okawaru
Qazlal
Ru
Sif Muna
Trog
Vehumet
Wu Jian
Xom
Yredelemnul
Zin
The Shining One

Shops:
D:1 (*?(   D:2 *[[:(   D:3 *

Annotations:
D:4 3 runed translucent doors, javelincjr's ghost, amateur TrSh


Message History

You block the killer bee's attack.
You barely miss the killer bee.
The killer bee is moderately wounded.
You feel sick.
The killer bee stings you but does no damage.
The killer bee stings you.
* * * LOW HITPOINT WARNING * * *
The killer bee stings you.
* * * LOW HITPOINT WARNING * * *
You are more poisoned.
The killer bee poisons you!
You closely miss the killer bee.
The killer bee is moderately wounded.
You feel very sick. You block the killer bee's attack.
The killer bee closely misses you.
You barely miss the killer bee.
The killer bee is moderately wounded.
You hear the rapid hiss of an avalanche of sand nearby.
You feel very sick. The killer bee stings you.
* * * LOW HITPOINT WARNING * * *
You are lethally poisoned!
The killer bee poisons you!
The killer bee stings you but does no damage.
The killer bee stings you.
* * * LOW HITPOINT WARNING * * *
It was a potion of resistance.
You feel protected.
* * * LOW HITPOINT WARNING * * *
You feel very sick.
The killer bee stings you but does no damage.
The killer bee barely misses you.
It was a potion of haste.
You feel yourself speed up.
* * * LOW HITPOINT WARNING * * *
You feel sick.
The killer bee stings you but does no damage.
The killer bee closely misses you.
You miss the killer bee.
The killer bee is moderately wounded.
You die...

... ....## #.. #.#
#....## #.# #.#
#.....###'# #.#
#.....##... #.#
#.....#.... #
#.#####....#.....
#.###.##.......).<......
......y@<......).)......
#.###.#####....).#......
# #.............
####.#####.... #.# ##...
#.# ##'# #.# #.. #.#
#.## #.# ##.#


You could see a killer bee.

Vanquished Creatures
  A water moccasin (D:5)
  An orc warrior (D:7)
  A sky beast (D:6)
  3 ice beasts
  2 ogres (D:7)
  2 phantoms
  4 bullfrogs
  3 scorpions (D:5)
  4 wights (D:6)
  5 killer bees (D:7)
  A howler monkey (D:6)
  A jelly (D:6)
  An orc priest (D:3)
  A gnoll bouda (D:5)
  4 iguanas
  3 orc wizards
  7 adders
  3 gnolls (D:5)
  4 worms
  A dart slug (D:4)
  16 orcs
  6 endoplasms
  2 giant cockroaches (D:2)
  4 goblins
  4 hobgoblins (D:2)
  2 quokkas (D:1)
  6 ball pythons
  3 bats
  2 frilled lizards
  8 kobolds
  6 rats
111 creatures vanquished.

Notes
Turn   | Place    | Note
-------+----------+-------------------------------------------
     0 | D:1      | p00ps00p the Hill Orc Fighter began the quest for the Orb.
     0 | D:1      | Reached XP level 1. HP: 19/19 MP: 1/1
    40 | D:1      | Found Ozuplumo's General Store.
    51 | D:1      | Found Lunip's Magic Scroll Emporium.
    80 | D:1      | Reached XP level 2. HP: 27/27 MP: 2/2
   109 | D:1      | Found Tiug's Antique Weapon Boutique.
   157 | D:1      | Found a faded altar of an unknown god.
   413 | D:1      | Found Beuqedd's Antique Weapon Shoppe.
   707 | D:2      | Noticed an animated shadow dragon scales
   707 | D:2      | Found Feeha's Antique Armour Shoppe.
   707 | D:2      | Found Fagirch's Armour Shoppe.
   710 | D:2      | Noticed an animated pearl dragon scales
   713 | D:2      | Reached XP level 3. HP: 33/33 MP: 3/3
   885 | D:2      | Found Idef's Antique Weapon Shop.
   915 | D:2      | Found Weuqour's Book Boutique.
   995 | D:2      | Reached XP level 4. HP: 32/40 MP: 4/4
  1204 | D:2      | Found Moalulapn's Assorted Antiques.
  1487 | D:3      | Found a glowing golden altar of the Shining One.
  1497 | D:3      | Found a hazy altar of Hepliaklqana.
  1540 | D:3      | Found a blossoming altar of Fedhas.
  1550 | D:3      | Noticed a phantom
  1610 | D:2      | Bought a translucent hand axe for 144 gold pieces
  1610 | D:2      | Identified the +1 hand axe of the Flying Pill Bug {heavy,
                  | rF+ Will- Int+2} (You bought it in a shop on level 2 of the
                  | Dungeon)
  1732 | D:3      | Reached XP level 5. HP: 27/47 MP: 5/5
  1815 | D:3      | Found Saelu's Assorted Antiques.
  1839 | D:3      | Killed a phantom
  1900 | D:3      | Found an ancient bone altar of Kikubaaqudgha.
  2039 | D:4      | Reached skill level 5 in Fighting
  2039 | D:4      | Reached XP level 6. HP: 47/56 MP: 6/6
  2268 | D:4      | Noticed javelincjr's ghost (amateur TrSh)
  2269 | D:4      | Found a runed translucent gate.
  2269 | D:4      | Found a runed translucent gate.
  2274 | D:4      | Found a runed translucent gate.
  2688 | D:5      | Entered Level 5 of the Dungeon
  2788 | D:5      | Found a staircase to the Ecumenical Temple.
  2802 | Temple   | Entered the Ecumenical Temple
  3209 | D:5      | Reached skill level 5 in Axes
  3254 | D:5      | Reached skill level 5 in Armour
  3254 | D:5      | Reached skill level 5 in Shields
  3254 | D:5      | Reached XP level 7. HP: 38/61 MP: 7/7
  4250 | D:5      | Reached XP level 8. HP: 66/71 MP: 8/8
  5108 | D:7      | Reached XP level 9. HP: 29/79 MP: 9/9
  5524 | D:7      | HP: 2/81 [poisoned by a killer bee]
  5526 | D:7      | Succumbed to a killer bee's poison

Illustrated notes

Levels and vault maps discovered:
D:1:      dpeg_arrival_ternary, layout_loops_ring, basic_ecumenical_altar,
          serial_shops, shop_fountains, shop, shop, shop, minmay_tetromino_t2
D:2:      layout_rooms, serial_shops, nicolae_shop_pleasant_corner_grove, shop,
          shop, shop, nicolae_shop_mannequins, minmay_fractal_squares_5
D:3:      layout_rooms, mainiacjoe_overflow_large_starburst,
          mainiacjoe_overflow_surrounded_room, mainiacjoe_overflow_boulevard,
          serial_shops, shop
D:4:      layout_loops_cross, gammafunk_ghost_split
D:5:      layout_basic, temple_statues, cheibrodos_sewer_entry_bend,
          roderic_serpentine_path
D:6:      layout_loops_ring, uniq_prince_ribbit1
D:7:      layout_loops_corners, mainiacjoe_ossuary_entry_find_the_door
Temple:   eino_temple_rhombus

Skill      XL: |  1  2  3  4  5  6  7  8  9 |
---------------+----------------------------+-----
Axes           | 3 4 5 6 7 8 |  8.3
Fighting       | 4 5 6 7 8 |  8.1
Armour         | 4 5 6 7 |  7.4
Shields        | 4 5 6 7 |  7.4

Action                     |  1- 3 |  4- 6 |  7- 9 || total
---------------------------+-------+-------+-------++-------
  Melee: War axe           |    86 |    16 |       ||   102
         Hand axe          |       |    85 |   209 ||   294
    Use: Scroll            |     5 |     7 |     1 ||    13
         Potion            |       |     1 |     6 ||     7
 Armour: Scale mail        |    50 |    58 |       ||   108
         Chain mail        |       |    31 |    76 ||   107
         Plate armour      |       |       |   166 ||   166
  Dodge: Dodged            |    42 |    51 |    76 ||   169
  Block: Buckler           |    18 |    19 |    51 ||    88

Table legend: (Time is in decaauts)
 A = Elapsed time spent in this place.
 B = Non-inter-level travel time spent in this place.
 C = Inter-level travel time spent in this place.
 D = Time resting spent in this place.
 E = Time spent auto-exploring this place.
 F = Levels seen in this place.
 G = Mean time per level.
                   A        B        C        D        E       F      G
               +--------+--------+--------+--------+--------+-----+--------+
         Total |   5726 |   5383 |    343 |    296 |   3594 |   8 |  715.8 |
       Dungeon |   5695 |   5363 |    332 |    296 |   3594 |   7 |  813.6 |
        Temple |     30 |     19 |     11 |      0 |      0 |   1 |   30.0 |
               +--------+--------+--------+--------+--------+-----+--------+

Top non-repeatable levels by time:
     D:5: 1795 daAuts
     D:2: 825 daAuts
     D:1: 777 daAuts
     D:4: 714 daAuts
     D:3: 634 daAuts
     D:7: 610 daAuts
     D:6: 338 daAuts
  Temple: 30 daAuts
